 Dungeon Crawl Stone Soup version 0.17.1-1-g73c8601 (webtiles) character file.

292 JustSomeDude the Insei (level 6, 0/57 HPs)
             Began as a Naga Monk on Jan 1, 2016.
             Was an Initiate of Gozag.
             Slain by an orc
             ... wielding a +0 whip
              (1 damage)
             ... on level 4 of the Dungeon.
             The game lasted 00:10:18 (3622 turns).

JustSomeDude the Insei (Naga Monk)                  Turns: 3622, Time: 00:10:18

Health: 0/57       AC:  4    Str: 13      XL:     6   Next: 33%
Magic:  6/6        EV: 10    Int:  8 (10) God:    Gozag
Gold:   282        SH:  0    Dex: 16      Spells: 0 memorised, 5 levels left

rFire  . . .     SeeInvis +       - Unarmed
rCold  . . .     Clarity  .     i - +0 ring mail (curse)
rNeg   . . .     SustAt   .     (no shield)
rPois  +         Gourm    .     (no helmet)
rElec  .         Spirit   .     (no cloak)
rCorr  .         Warding  .     (no gloves)
rMut   .         Stasis   .     (no barding)
MR     .....                    (no amulet)
Stlth  +.........               (no ring)
                                (no ring)

@: confused, very slow, not resistant to hostile enchantments, very unstealthy
A: see invisible, deformed body, poison resistance, slowness 2, slow metabolism
1, spit poison 2, AC +2
a: Spit Poison, Potion Petition, Call Merchant, Bribe Branch, Renounce Religion


You were on level 4 of the Dungeon.
You worshipped Gozag.
Gozag was noncommittal.
You were not hungry.

You visited 1 branch of the dungeon, and saw 4 of its levels.

You collected 282 gold pieces.

Inventory:

Armour
 a - a +0 robe
 e - a +0 large shield
 i - a cursed +0 ring mail (worn)
 q - a +0 chain mail
Jewellery
 r - an uncursed ring of protection from cold {unknown}
Scrolls
 d - 6 scrolls of identify {unknown}
 f - a scroll of remove curse {unknown}
 l - a scroll of fear {unknown}
Potions
 j - a potion of cancellation
 m - a potion of degeneration
Comestibles
 b - 6 bread rations
 c - a beef jerky


   Skills:
 + Level 4.2 Fighting
 + Level 2.1 Armour
 + Level 3.4 Dodging
 + Level 3.4 Stealth
 + Level 5.1 Unarmed Combat


You had 5 spell levels left.
You didn't know any spells.

Dungeon Overview and Level Annotations

Branches:
Dungeon (4/15)
 Temple: D:4-7

Altars:
Gozag
Kikubaaqudgha
Trog
Xom


Innate Abilities, Weirdness & Mutations

You cannot wear boots.
Your serpentine skin is tough (AC +2).
You have supernaturally acute eyesight.
Armour fits poorly on your strangely shaped body.
Your system is resistant to poisons.
You cover ground very slowly.
You have a slow metabolism.
You can spit poison.


Message History

The orc freezes you.
* * * LOW HITPOINT WARNING * * *
The iguana bites you!
* * * LOW HITPOINT WARNING * * *
The orc barely misses you.
You hit the iguana.
The iguana is moderately wounded.
The kobold barely misses you. The orc hits you.
* * * LOW HITPOINT WARNING * * *
The orc closely misses you. The orc hits you with a flail.
* * * LOW HITPOINT WARNING * * *
The iguana bites you.
* * * LOW HITPOINT WARNING * * *
The orc hits you but does no damage. The iguana bites you!
* * * LOW HITPOINT WARNING * * *
The orc hits you with a flail.
* * * LOW HITPOINT WARNING * * *
The orc hits you with a whip.
You die...
Your body crumbles into a pile of gold.

##### ####### ## .....# ##.....#.
#. ......###o.....'. #.
.....[.#@Ko....#########.
.......#lo..)...).....#..
$.......$.o......(.....'..
.......#..............#..
.......#.......#########. $$$
......###......+ #. ≈≈#$$$ .....#
##.....# #.
≈≈#$$$###########################
≈≈#####≈≈≈≈≈≈≈≈≈≈≈≈≈≈≈≈≈≈≈≈≈≈≈≈..


You could see an iguana, 4 orcs and a kobold.

Vanquished Creatures
  A scorpion (D:4)
  2 hounds (D:4)
  Ijyb (D:2)
  6 adders
  2 oozes (D:2)
  An adder skeleton (D:4)
  3 worms
  4 orcs
  2 ball pythons
  5 hobgoblins
  A quokka (D:2)
  5 bats
  7 giant cockroaches
  A giant gecko (D:2)
  5 giant newts
  8 goblins
  5 jackals (D:2)
  16 kobolds
  A rat (D:2)
76 creatures vanquished.

Notes
Turn   | Place    | Note
--------------------------------------------------------------
     0 | D:1      | JustSomeDude the Naga Monk began the quest for the Orb.
     0 | D:1      | Reached XP level 1. HP: 21/21 MP: 1/1
   173 | D:1      | Found a shimmering altar of Xom.
   404 | D:1      | Reached XP level 2. HP: 28/28 MP: 2/2
   962 | D:2      | Reached XP level 3. HP: 7/34 MP: 3/3
  1396 | D:2      | Noticed Ijyb
  1413 | D:2      | Killed Ijyb
  1413 | D:2      | Reached XP level 4. HP: 37/42 MP: 4/4
  1724 | D:2      | Reached skill level 1 in Armour
  2265 | D:3      | Found a faded altar to an unknown god.
  2288 | D:3      | Became a worshipper of Gozag Ym Sagoz the Greedy
  2337 | D:3      | Found an ancient bone altar of Kikubaaqudgha.
  2540 | D:3      | Reached XP level 5. HP: 48/50 MP: 5/5
  2969 | D:4      | Found a bloodstained altar of Trog.
  3331 | D:4      | Reached XP level 6. HP: 22/57 MP: 6/6
  3585 | D:4      | Reached skill level 5 in Unarmed Combat
  3608 | D:4      | HP: 1/57 [iguana (13)]
  3622 | D:4      | HP: 2/57 [iguana (10)]
  3622 | D:4      | Slain by an orc

Action                   |  1- 3 |  4- 6 || total
-------------------------+-------+-------++-------
Melee: Unarmed           |   126 |   296 ||   422
Invok: Potion Petition   |       |     1 ||     1
  Use: Potion            |       |    11 ||    11
 Stab: Sleeping          |     2 |     2 ||     4
  Eat: Chunk             |       |     3 ||     3
       Meat ration       |       |     1 ||     1
